 Dungeon Crawl Stone Soup version 0.31-a0-810-ga77100ea1a (webtiles) character file.

Game seed: 2268897264500658054

1004 TheriaGryphon the Slasher (level 8, -2/49 HPs)
             Began as a Tengu Berserker on Sept 21, 2023.
             Was a Priest of Trog.
             Slain by a black bear (3 damage)
             ... on level 6 of the Dungeon.
             The game lasted 00:33:46 (4878 turns).

TheriaGryphon the Slasher (Tengu Berserker)         Turns: 4878, Time: 00:33:47

Health: -2/49      AC:  7    Str: 19    XL:     8   Next: 20%
Magic:  9/9        EV: 14    Int:  9    God:    Trog [***...]
Gold:   173        SH:  8    Dex: 13    Spells: 7/7 levels left

rFire   . . .        a - +3 falchion
rCold   + . .        c - +0 kite shield
rNeg    . . .        B - +1 ring mail "Mierisunk" {+Blink rF- Will++ rCorr}
rPois   .            (helmet restricted)
rElec   .            (no cloak)
rCorr   +            (no gloves)
SInv    .            (boots unavailable)
Will    ++...        o - amulet of regeneration
Stlth   +            b - ring of protection from cold
HPRegen 1.08/turn    r - ring of protection from fire
MPRegen 0.11/turn

%: acrobat
@: flying
A: beak, talons 3, evasive flight, acrobatic
a: Renounce Religion, Evoke Blink, Berserk, Trog's Hand


You were on level 6 of the Dungeon.
You worshipped Trog.
Trog was most pleased with you.
You visited 1 branch of the dungeon, and saw 6 of its levels.

You collected 238 gold pieces.
You spent 65 gold pieces at shops.

Inventory:

Hand Weapons
 a - a +3 falchion (weapon)
 d - a +0 quarterstaff
 j - a +0 rapier
 n - a +0 falchion
 p - a +0 falchion
 q - a +0 long sword
 v - a +0 spear
 x - a +0 mace
 D - a +2 flail of draining
Missiles
 A - 2 throwing nets (quivered)
Armour
 c - a +0 kite shield (worn)
 l - a +0 scale mail
 y - a +0 leather armour of poison resistance
 B - the +1 ring mail "Mierisunk" (worn) {+Blink rF- Will++ rCorr}
   (You found it on level 5 of the Dungeon)

   rF-:       It makes you vulnerable to fire.
   Will++:    It greatly increases your willpower.
   +Blink:    It lets you blink.
   rCorr:     It protects you from acid and corrosion.
 E - a +0 chain mail
Magical Staves
 e - a staff of air
Jewellery
 b - a ring of protection from cold (left hand)
 o - an amulet of regeneration (around neck)
 r - a ring of protection from fire (right hand)
Talismans
 t - a maw talisman
 C - a serpent talisman
Wands
 w - a wand of quicksilver (7)
 F - a wand of digging (8)
Scrolls
 g - a scroll of immolation
Potions
 h - a potion of mutation {unknown}
 i - a potion of curing
 m - a potion of enlightenment {unknown}
 s - a potion of resistance {unknown}
 u - a potion of berserk rage


   Skills:
 + Level 5.0 Fighting
 + Level 7.3 Long Blades
 + Level 4.7 Armour
 + Level 3.4 Dodging
 + Level 1.5 Stealth
 + Level 2.6 Shields


You had 7 spell levels left.
You didn't know any spells.
Your spell library contained the following spells:

 Spells                   Type           Power      Damage    Failure   Level
 Lesser Beckoning         Tloc           0%         N/A       95%         2
 Gell's Gravitas          Tloc           0%         N/A       99%         3
 Teleport Other           Tloc           0%         N/A       99%         3
 Dispersal                Tloc           0%         N/A       100%        6


Dungeon Overview and Level Annotations

Branches:
Dungeon (6/15)
 Temple: D:4-7

Altars:
Ashenzari
Elyvilon
Kikubaaqudgha
Uskayaw
Wu Jian

Shops:
D:2 *

Annotations:
D:5 1 runed translucent door


Innate Abilities, Weirdness & Mutations

You have a beak for a mouth.
You have claws for feet.
Your magical flight helps you evade attacks. (EV +4)
You can magically evade attacks while moving or waiting.


Message History

The black bear misses you.
The black bear claws you but does no damage. x2
The centaur shoots an arrow.
You block the arrow.
The black bear bites you but does no damage.
The black bear misses you. The black bear barely misses you.
The orc warrior misses you.
The orc priest invokes the aid of Beogh against you.
Beogh smites you!
* * * LOW HITPOINT WARNING * * *
Your Fighting skill increases to level 5!
You feel much better. The black bear bites you!
You block the black bear's attack. The black bear misses you.
You block the orc warrior's attack. The orc priest hits you with a +0 club.
* * * LOW HITPOINT WARNING * * *
You feel better.
The centaur unwields a +0 orcbow.
The centaur hits you but does no damage.
The centaur kicks you but does no damage.
The black bear barely misses you. The black bear closely misses you.
You block the black bear's attack.
The black bear bites you but does no damage.
The black bear barely misses you.
The black bear claws you but does no damage.
The centaur misses you. The centaur kicks you.
You block the orc priest's attack. The orc warrior misses you.
You barely miss the orc priest. You block the centaur's attack. x2
The black bear bites you!
* * * LOW HITPOINT WARNING * * *
The black bear claws you but does no damage.
The black bear completely misses you. The orc warrior barely misses you.
The orc priest hits you but does no damage.
You hit the centaur.
The centaur is lightly wounded.
You block the centaur's attack. The centaur barely misses you.
The black bear bites you but does no damage.
The black bear barely misses you. The black bear claws you.
* * * LOW HITPOINT WARNING * * *
The black bear bites you!
* * * LOW HITPOINT WARNING * * *
The black bear barely misses you. The black bear claws you.
You die...

###############
#.....o@c......
####..o#h...##.
###.#....#
#......#
###....# ....#
.(..# ....#


You could see an orc warrior, a black bear (berserk), a centaur and an orc
priest.

Vanquished Creatures
  A water moccasin (D:4)
  A phantom (D:5)
  7 scorpions
  A hound (D:4)
  An orc priest (D:3)
  Jessica (D:2)
  An iguana (D:5)
  3 orc wizards
  3 gnolls (D:4)
  9 adders
  A white imp (D:5)
  3 ufetubi (D:4)
  A worm (D:3)
  3 dart slugs
  17 orcs
  7 endoplasms
  7 giant cockroaches
  5 hobgoblins
  2 jackals (D:5)
  2 quokkas
  4 ball pythons
  7 bats
  6 frilled lizards
  6 goblins
  3 kobolds
  3 rats
105 creatures vanquished.

Vanquished Creatures (others)
  2 orcs
2 creatures vanquished.

Grand Total: 107 creatures vanquished

Notes
Turn   | Place    | Note
-------+----------+-------------------------------------------
     0 | D:1      | TheriaGryphon the Tengu Berserker began the quest for the
                  | Orb.
     0 | D:1      | Reached XP level 1. HP: 14/14 MP: 2/2
   313 | D:1      | Reached XP level 2. HP: 15/19 MP: 3/3
   351 | D:1      | Found a faded altar of an unknown god.
   947 | D:2      | Reached skill level 4 in Long Blades
   947 | D:2      | Reached XP level 3. HP: 19/23 MP: 4/4
  1377 | D:2      | Reached XP level 4. HP: 28/28 MP: 5/5
  1401 | D:2      | Found Vonezol's General Store.
  1410 | D:2      | Bought a potion of heal wounds for 65 gold pieces
  1447 | D:2      | Reached ** piety under Trog
  1452 | D:2      | Found a broken altar of Ashenzari.
  1566 | D:2      | Noticed Jessica
  1575 | D:2      | Killed Jessica
  1919 | D:3      | Found a hide-covered altar of Uskayaw.
  2008 | D:3      | Reached XP level 5. HP: 20/33 MP: 6/6
  2013 | D:3      | Reached skill level 5 in Long Blades
  2117 | D:3      | Reached skill level 1 in Shields
  2692 | D:4      | Found an ornate altar of the Wu Jian Council.
  2697 | D:4      | Found an ancient bone altar of Kikubaaqudgha.
  2715 | D:4      | Noticed a water moccasin
  2727 | D:4      | Killed a water moccasin
  2728 | D:4      | Reached XP level 6. HP: 33/38 MP: 7/7
  2741 | D:4      | Reached skill level 6 in Long Blades
  2973 | D:4      | Found a white marble altar of Elyvilon.
  3155 | D:4      | Reached *** piety under Trog
  3156 | D:4      | Gained mutation: Your magical flight helps you evade
                  | attacks. (EV +4) [Tengu growth]
  3156 | D:4      | Reached XP level 7. HP: 42/43 MP: 8/8
  3680 | D:5      | Entered Level 5 of the Dungeon
  3732 | D:5      | Identified the +1 ring mail "Mierisunk" {+Blink rF- Will++
                  | rCorr}
  4058 | D:5      | Reached skill level 1 in Stealth
  4680 | D:5      | Found a runed translucent door.
  4694 | D:5      | Found a runed translucent door.
  4721 | D:5      | Reached skill level 7 in Long Blades
  4725 | D:5      | Reached XP level 8. HP: 35/48 MP: 9/9
  4874 | D:6      | HP: 1/48 [orc priest/divine providence (13)]
  4875 | D:6      | Reached skill level 5 in Fighting
  4878 | D:6      | Slain by a black bear

Illustrated notes

Levels and vault maps discovered:
D:1:      minmay_arrival_jagged, layout_rooms, ebering_ecumenical_altar_rust,
          st_stairs_6, minivault_11, corexii_leaking_fountain,
          kennysheep_nondescript, serial_bayou_pond_a,
          nicolae_kite_square_tiling_tiny
D:2:      layout_loops_ring, serial_shops, shop, basic_altar, uniq_jessica
D:3:      layout_basic, mainiacjoe_overflow_cross_hatched, minmay_statues_item,
          chequers_serial_rivers_small_b, minmay_box_of_dots
D:4:      layout_loops_ring, mainiacjoe_overflow_chevrons,
          mainiacjoe_overflow_catwalk_spiral
D:5:      lemuel_insect_pit, layout_basic
D:6:      layout_rooms, mainiacjoe_overflow_alcove_1, temple_statues,
          amcnicky_mini_pool_small

Skill      XL: |  1  2  3  4  5  6  7  8 |
---------------+-------------------------+-----
Long Blades    | 4 5 6 7 |  7.3
Shields        | 1 2 |  2.6
Fighting       | 4 5 |  5.0
Armour         | 3 4 |  4.7
Dodging        | 3 |  3.4
Stealth        | 1 |  1.5

Action                     |  1- 3 |  4- 6 |  7- 9 || total
---------------------------+-------+-------+-------++-------
  Melee: Falchion          |    62 |   108 |   108 ||   278
         Peck              |     6 |    13 |    19 ||    38
         Kick              |    11 |    30 |    30 ||    71
    Use: Scroll            |     7 |     4 |     5 ||    16
         Potion            |       |     2 |     4 ||     6
   Stab: Sleeping          |     1 |       |       ||     1
 Armour: Skin              |    23 |       |       ||    23
         Scale mail        |     9 |    66 |     9 ||    84
         Ring mail         |       |       |    72 ||    72
  Dodge: Dodged            |    40 |    59 |    91 ||   190
  Block: Kite shield       |    17 |    30 |    60 ||   107
         Form:             |       |       |     1 ||     1
         Maw               |       |       |     1 ||     1

Table legend: (Time is in decaauts)
 A = Elapsed time spent in this place.
 B = Non-inter-level travel time spent in this place.
 C = Inter-level travel time spent in this place.
 D = Time resting spent in this place.
 E = Time spent auto-exploring this place.
 F = Levels seen in this place.
 G = Mean time per level.
                   A        B        C        D        E       F      G
               +--------+--------+--------+--------+--------+-----+--------+
         Total |   4928 |   2369 |   2559 |    209 |    634 |   6 |  821.3 |
       Dungeon |   4928 |   2369 |   2559 |    209 |    634 |   6 |  821.3 |
               +--------+--------+--------+--------+--------+-----+--------+

Top non-repeatable levels by time:
     D:5: 1193 daAuts
     D:4: 1024 daAuts
     D:1: 912 daAuts
     D:3: 898 daAuts
     D:2: 885 daAuts
     D:6: 14 daAuts
